 Dungeon Crawl Stone Soup version 0.28-a0-1404-g4df0f3684d (webtiles) character file.

Game seed: 13096617169175288249

256 lonewolfV2 the Ruffian (level 6, -10/51 HPs)
             Began as a Ghoul Gladiator on Jan 5, 2022.
             Mangled by an iguana (12 damage)
             ... on level 4 of the Dungeon.
             The game lasted 00:05:52 (3516 turns).

lonewolfV2 the Ruffian (Ghoul Gladiator)            Turns: 3516, Time: 00:05:53

Health: -10/51     AC:  6    Str: 20    XL:     6   Next: 15%
Magic:  0/5        EV:  9    Int:  3    God:
Gold:   108        SH:  0    Dex: 10    Spells: 5/5 levels left

rFire   . . .      SeeInvis .     - Unarmed
rCold   + . .      Faith    .   b - orb {mayhem}
rNeg    + + +      Spirit   +   a - +0 leather armour
rPois   ∞          Reflect  .   g - +2 helmet
rElec   .          Harm     .   (no cloak)
rCorr   .          Rampage  .   (no gloves)
Will    .....                   (no boots)
Stlth   +.........              f - amulet of guardian spirit
HPRegen 0.00/turn               (no ring)
MPRegen 0.09/turn               (no ring)

@: mighty, inhibited regen, constricted
A: claws 1, cold resistance 1, negative energy resistance 3, inhibited
regeneration, torment resistance 2
a: no special abilities


You were on level 4 of the Dungeon.
You visited 1 branch of the dungeon, and saw 4 of its levels.

You collected 108 gold pieces.

Inventory:

Missiles
 c - 3 throwing nets (quivered)
Armour
 a - a +0 leather armour (worn)
 b - an orb of mayhem (worn)
 g - a +2 helmet (worn)
Jewellery
 f - an amulet of guardian spirit (around neck)
Scrolls
 e - a scroll of holy word
 k - 3 scrolls of enchant armour
 m - a scroll of identify
Potions
 i - a potion of brilliance


   Skills:
 + Level 3.1 Fighting
 + Level 1.8 Throwing
 + Level 2.0 Armour
 + Level 3.9 Dodging
 + Level 0.2 Stealth
 + Level 5.2 Unarmed Combat


You had 5 spell levels left.
You didn't know any spells.
Your spell library contained the following spells:

 Spells                   Type           Power      Damage    Failure   Level
 Animate Skeleton         Necr           0%         N/A       56%         1
 Apportation              Tloc           0%         N/A       56%         1
 Summon Small Mammal      Summ           0%         N/A       56%         1
 Corpse Rot               Necr/Air       0%         N/A       71%         2
 Poisonous Vapours        Pois/Air       0%         N/A       71%         2
 Gell's Gravitas          Tloc           0%         N/A       91%         3
 Lesser Beckoning         Tloc           0%         N/A       91%         3
 Teleport Other           Tloc           0%         N/A       91%         3
 Chain Lightning          Conj/Air       0%         N/A       100%        9
 Fire Storm               Conj/Fire      0%         5d1       100%        9
 Shatter                  Erth           0%         3d5*      100%        9


Dungeon Overview and Level Annotations

Branches:
Dungeon (4/15)
 Temple: D:4-7

Altars:


Innate Abilities, Weirdness & Mutations

You thrive by killing the living.
You are immune to poison.
You have sharp fingernails.
Your flesh is cold resistant. (rC+)
You are immune to negative energy. (rN+++)
You do not regenerate when monsters are visible.
You are immune to unholy pain and torment.


Message History

You barely miss the hound.
The hound is heavily wounded.
The hound bites the hobgoblin.
The adder misses the hound.
The ball python bites you but does no damage.
The ball python constricts you.
* * * LOW HITPOINT WARNING * * *
The hound bites the adder but does no damage.
The adder misses the hound.
The iguana barely misses you.
You catch the helpless hound completely off-guard!
You scratch the hound.
The hound is severely wounded.
The hound barely misses you.
The ball python bites you but does no damage.
The ball python constricts you.
The hound bites the hobgoblin.
The hobgoblin dies!
The adder bites the hound but does no damage.
The ball python barely misses you. The ball python constricts you.
* * * LOW HITPOINT WARNING * * *
It was a potion of curing.
You feel better. The hound bites you.
* * * LOW HITPOINT WARNING * * *
The iguana bites you!
* * * LOW HITPOINT WARNING * * *
The hound skeleton bites you.
* * * LOW HITPOINT WARNING * * *
The hound bites you.
* * * LOW HITPOINT WARNING * * *
The adder bites the hound but does no damage.
The ball python misses you. The ball python constricts you.
It was a potion of might.
You feel very mighty all of a sudden. The hound misses you.
The hound skeleton bites you but does no damage.
The iguana closely misses you.
The adder barely misses the hound.
The hound bites the hound skeleton.
The ball python closely misses you. The ball python constricts you.
The hound skeleton bites the hound but does no damage.
You barely miss the hound skeleton.
The hound skeleton is severely damaged.
The hound bites you.
The adder barely misses the hound.
The iguana bites you!
You die...

.#.....#,,,,,,,',,,**,,,,,,***
.#.#...#,,,,,,,#...#***,,,,,,*
.#.....#*,,,,,*#...# *##****,*
.###[#.#**,,,**#...#*#..,***,****
.###.########* #...##...,,**,,,,,
............####...#....,,,******
.###...#......##Z..'..,,,,,***
*,*######.....##Sl.#,,,,,,,*,**
**,* #......#@Z.#*,,,,,**,,***
*,** ###.....hS.#**,,,***,,,,,
,** ########## ***** *,,,,, **
*,* *,,* *,,*** *,*********,,*
*,,* * *,,,,,,,,,,,,* *,,*
***********,** *,,*
*******,*****,,* *,,,,,,,,,,,,,,*


You could see an iguana, an adder, a ball python, an adder skeleton, a hound
skeleton and a neutral hound (fast, strong, insane).

Vanquished Creatures
  A water moccasin skeleton (D:4)
  A jelly (D:3)
  A hound (D:4)
  Natasha (twice) (D:4)
  A hound skeleton (D:4)
  2 adders
  2 worms
  6 orcs (D:3)
  4 bats
  An endoplasm (D:3)
  A giant cockroach (D:1)
  2 hobgoblins
  2 jackals (D:4)
  4 quokkas
  6 ball pythons
  2 frilled lizards (D:1)
  6 goblins
  5 kobolds
  8 rats
57 creatures vanquished.

Vanquished Creatures (collateral kills)
  A hobgoblin (D:4)
1 creature vanquished.

Vanquished Creatures (others)
  A jelly (D:4)
  An iguana (D:4)
  A worm (D:4)
  A ball python (D:4)
  A kobold (D:4)
  3 fungi (D:2)
  8 plants (D:2)
16 creatures vanquished.

Grand Total: 74 creatures vanquished

Notes
Turn   | Place    | Note
-------+----------+-------------------------------------------
     0 | D:1      | lonewolfV2 the Ghoul Gladiator began the quest for the Orb.
     0 | D:1      | Reached XP level 1. HP: 17/17 MP: 0/0
   356 | D:1      | Reached XP level 2. HP: 24/24 MP: 1/1
  1358 | D:2      | Found a faded altar of an unknown god.
  1464 | D:2      | Reached XP level 3. HP: 29/29 MP: 2/2
  1506 | D:2      | Reached skill level 4 in Unarmed Combat
  2144 | D:3      | Reached XP level 4. HP: 12/37 MP: 1/3
  2466 | D:3      | Reached skill level 1 in Armour
  2943 | D:4      | Noticed Natasha
  2957 | D:4      | Killed Natasha
  2958 | D:4      | Reached XP level 5. HP: 31/44 MP: 0/4
  3092 | D:4      | Noticed Natasha
  3105 | D:4      | Killed Natasha
  3106 | D:4      | Reached skill level 5 in Unarmed Combat
  3479 | D:4      | Reached XP level 6. HP: 50/50 MP: 5/5
  3514 | D:4      | HP: 2/51 [hound (1)]
  3516 | D:4      | Mangled by an iguana

Illustrated notes

Levels and vault maps discovered:
D:1:      matt_arrival_los_fun, layout_loops_ring, chequers_jeans
D:2:      layout_basic, shapermc_ecumenical_altar_mp_ritualfount
D:3:      layout_rooms
D:4:      minmay_opposing_rooms, layout_loops_ring, nicolae_shop_firing_range,
          uniq_natasha

Skill      XL: |  1  2  3  4  5  6 |
---------------+-------------------+-----
Dodging        | 3 |  3.9
Unarmed Combat | 4 5 |  5.2
Armour         | 1 2 |  2.0
Fighting       | 3 |  3.1
Throwing       | |  1.8
Stealth        | |  0.2

Action                   |  1- 3 |  4- 6 || total
-------------------------+-------+-------++-------
Melee: Unarmed           |   125 |   111 ||   236
       Punch             |     3 |       ||     3
  Use: Scroll            |     6 |     4 ||    10
       Potion            |       |     3 ||     3
 Stab: Distracted        |       |     1 ||     1
Armor: Leather armour    |    49 |    52 ||   101
Dodge: Dodged            |    98 |   108 ||   206

Table legend: (Time is in decaauts)
 A = Elapsed time spent in this place.
 B = Non-inter-level travel time spent in this place.
 C = Inter-level travel time spent in this place.
 D = Time resting spent in this place.
 E = Time spent auto-exploring this place.
 F = Levels seen in this place.
 G = Mean time per level.
                   A        B        C        D        E       F      G
               +--------+--------+--------+--------+--------+-----+--------+
         Total |   3497 |   3463 |     34 |    455 |   2307 |   4 |  874.2 |
       Dungeon |   3497 |   3463 |     34 |    455 |   2307 |   4 |  874.2 |
               +--------+--------+--------+--------+--------+-----+--------+

Top non-repeatable levels by time:
     D:1: 1284 daAuts
     D:3: 845 daAuts
     D:2: 800 daAuts
     D:4: 566 daAuts
